 Dungeon Crawl Stone Soup version 0.32-a0-7-ge934b4519a (webtiles) character file.

Game seed: 4049354141240633899

1333 jasper the Covert (level 8, -2/61 HPs)
             Began as an Armataur Brigand on Jan 13, 2024.
             Slain by a hornet (3 damage)
             ... while paralysed by a hornet
             ... on level 7 of the Dungeon.
             The game lasted 00:10:01 (5123 turns).

jasper the Covert (Armataur Brigand)                Turns: 5123, Time: 00:10:02

Health: -2/61      AC:  7    Str: 18    XL:     8   Next: 34%
Magic:  8/8        EV:  1    Int: 11    God:
Gold:   464        SH:  0    Dex: 13    Spells: 7/7 levels left

rFire   + . .        a - +2 dagger (freeze)
rCold   . . .        (no shield)
rNeg    . . .        e - +1 robe {rF+}
rPois   .            (no helmet)
rElec   .            c - +1 cloak
rCorr   .            (no gloves)
SInv    +            (no barding)
Will    .....        (no amulet)
Stlth   ++++         p - ring of see invisible
HPRegen 0.30/turn    (no ring)
MPRegen 0.11/turn

%: roll
@: paralysed, lethally poisoned (-2 -> -12), slowed
A: large, deformed body, tough skin 3, armoured tail, roll 2
a: no special abilities


You were on level 7 of the Dungeon.
You visited 1 branch of the dungeon, and saw 7 of its levels.

You collected 464 gold pieces.

Inventory:

Hand Weapons
 a - a +2 dagger of freezing (weapon)
Missiles
 d - 10 poisoned darts (quivered)
 g - 82 stones
Armour
 b - a +0 robe
 c - a +1 cloak (worn)
 e - a +1 robe of fire resistance (worn)
 i - an orb of energy
 t - an orb of wrath
 y - a +0 leather armour of willpower
Jewellery
 n - a ring of protection from fire
 p - a ring of see invisible (left hand)
Scrolls
 f - 2 scrolls of torment
 j - 4 scrolls of teleportation
 o - a scroll of brand weapon
 q - a scroll of poison
 s - a scroll of enchant armour
 w - a scroll of revelation
Potions
 h - a potion of curing
 k - a potion of might
 l - 2 potions of attraction
 m - 2 potions of brilliance {unknown}
 r - 2 potions of degeneration {unknown}
 u - 2 potions of ambrosia {unknown}
 x - 2 potions of haste {unknown}
 A - 2 potions of cancellation {unknown}


   Skills:
 - Level 2.1 Fighting
 * Level 7.8 Short Blades
 - Level 1.7 Throwing
 - Level 0.6 Dodging
 + Level 8.3 Stealth


You had 7 spell levels left.
You didn't know any spells.
Your spell library contained the following spells:

 Spells                   Type           Power      Damage    Failure   Level
 Freeze                   Ice            0%         1d3       34%         1
 Cigotuvi's Dreadful Rot  Necr/Alch/Air  0%         N/A       47%         2
 Sublimation of Blood     Necr           0%         N/A       47%         2
 Frozen Ramparts          Ice            0%         1d1       71%         3
 Hailstorm                Conj/Ice       0%         3d5       71%         3
 Summon Ice Beast         Ice/Summ       0%         N/A       71%         3
 Dispel Undead            Necr           0%         3d6       98%         4
 Martyr's Knell           Necr/Summ      0%         N/A       98%         4
 Petrify                  Alch/Erth      0%         N/A       98%         4
 Irradiate                Conj/Alch      0%         3d11      100%        5
 Summon Mana Viper        Hex/Summ       0%         N/A       100%        5
 Death Channel            Necr           0%         N/A       100%        6
 Sculpt Simulacrum        Ice/Alch       0%         N/A       100%        6
 Monstrous Menagerie      Summ           0%         N/A       100%        7


Dungeon Overview and Level Annotations

Branches:
Dungeon (7/15)
 Temple: D:4-7

Altars:
Cheibriados
Elyvilon
Trog
Uskayaw
Xom

Annotations:
D:6 Edmund


Innate Abilities, Weirdness & Mutations

Armour fits poorly on your strangely shaped body.
You have extremely tough skin. (AC +3)
You have a long armoured tail.
You regenerate magic and health when rolling toward enemies. (Rampage Regen)


Message History

You feel strangely unstable. The hornet stings your butterfly!
Your butterfly dies!
Your butterfly disappears in a burst of colours!
The orc priest barely misses your butterfly.
You swap places.
The hornet closely misses your butterfly.
Your surroundings suddenly seem different.
Found 8 gold pieces.
The hornet completely misses your butterfly.
The hornet closely misses your butterfly.
Found a lead wand.
Found a stone staircase leading down.
Your butterfly disappears in a burst of colours! x2
You roll towards the hornet!
You barely miss the hornet. The hornet completely misses you.
Okay, then.
As you read the scroll of torment, it crumbles to dust.
Your body is wracked with pain!
The hornet convulses!
Your butterfly disappears in a burst of colours! x9
The hornet closely misses you.
You take 28 damage, and have 33/61 hp.
MASSIVE DAMAGE!!
You hit the hornet but do no damage.
Your tail-slap misses the hornet.
The hornet is heavily wounded.
The hornet stings you!
You are poisoned.
You suddenly lose the ability to move!
You feel sick.
The hornet stings you but does no damage.
The hornet stings you.
* * * LOW HITPOINT WARNING * * *
You are lethally poisoned!
You feel yourself slow down.
* * * LOW HITPOINT WARNING * * *
You feel very sick. The hornet stings you.
* * * LOW HITPOINT WARNING * * *
You feel as though you will be slow longer.
* * * LOW HITPOINT WARNING * * *
You feel very sick. The hornet stings you.
You die...

#...#.......b.b..bb..
#............b.b.bb.
#..........b..bb...
#...........b.b..#
##...............##
#..............###
#.............##
##.y....###..###
##..@......#####
#.....#####....#####
#.........######....##
..............#
####...
#......$....... ####
#.........../..
#.........>....
#.............. ##
#.............. #.


You could see a hornet.

Vanquished Creatures
  An orc warrior (D:6)
  An ice beast (D:7)
  2 ogres
  3 phantoms
  A bullfrog (D:6)
  Blork the orc (D:6)
  2 scorpions (D:4)
  4 hounds
  A jelly (D:6)
  2 orc priests
  Natasha (thrice) (D:3 D:4)
  2 iguanas
  9 adders
  A shadow imp (D:6)
  A white imp (D:5)
  2 ufetubi (D:5)
  8 orcs
  5 endoplasms
  2 giant cockroaches
  12 hobgoblins
  3 jackals (D:5)
  8 kobolds
  A quokka (D:3)
  8 ball pythons
  3 bats
  5 frilled lizards
  4 goblins
  11 rats
106 creatures vanquished.

Notes
Turn   | Place    | Note
-------+----------+-------------------------------------------
     0 | D:1      | jasper the Armataur Brigand began the quest for the Orb.
     0 | D:1      | Reached XP level 1. HP: 17/17 MP: 1/1
   206 | D:1      | Reached XP level 2. HP: 24/24 MP: 2/2
   923 | D:2      | Reached XP level 3. HP: 29/29 MP: 3/3
  1304 | D:2      | Reached skill level 5 in Stealth
  1345 | D:2      | Reached XP level 4. HP: 36/36 MP: 4/4
  1761 | D:3      | Noticed Natasha
  1782 | D:3      | Killed Natasha
  1952 | D:3      | Reached XP level 5. HP: 34/41 MP: 5/5
  2167 | D:3      | Noticed Natasha
  2194 | D:4      | Killed Natasha
  2359 | D:4      | Found a snail-covered altar of Cheibriados.
  2361 | D:4      | Found a hide-covered altar of Uskayaw.
  2367 | D:4      | Noticed an ogre
  2400 | D:4      | Killed an ogre
  2401 | D:4      | Reached skill level 6 in Stealth
  2401 | D:4      | Reached XP level 6. HP: 48/48 MP: 6/6
  2630 | D:4      | Noticed Natasha
  2661 | D:4      | Killed Natasha
  2662 | D:4      | Reached skill level 5 in Short Blades
  2692 | D:4      | Found a white marble altar of Elyvilon.
  3214 | D:4      | Gained mutation: You regenerate magic and health when
                  | rolling toward enemies. (Rampage Regen) [Armataur growth]
  3214 | D:4      | Reached XP level 7. HP: 55/55 MP: 7/7
  3408 | D:4      | Found a shimmering altar of Xom.
  3453 | D:5      | Entered Level 5 of the Dungeon
  3593 | D:5      | Reached skill level 7 in Stealth
  4057 | D:6      | Noticed Blork the orc
  4059 | D:6      | Killed Blork the orc
  4118 | D:6      | Found a bloodstained altar of Trog.
  4474 | D:6      | Reached XP level 8. HP: 34/61 MP: 8/8
  4699 | D:6      | Reached skill level 8 in Stealth
  4891 | D:6      | Noticed Edmund
  5008 | D:7      | Noticed a hornet
  5120 | D:7      | Paralysed by a hornet for 3 turns
  5123 | D:7      | HP: 1/61 [poisoned by a hornet]
  5123 | D:7      | Slain by a hornet

Illustrated notes

Levels and vault maps discovered:
D:1:      lemuel_arrival_cross, layout_basic, minmay_rat_gold_closets
D:2:      layout_basic
D:3:      layout_rooms, uniq_natasha
D:4:      layout_gridville, nicolae_overflow_hidden_temple
D:5:      layout_rooms, ebering_dispersal_statue_hall
D:6:      layout_basic, trog_book, uniq_edmund, uniq_blork_the_orc
D:7:      layout_cave_pods, minmay_temple_entry_tees

Skill      XL: |  1  2  3  4  5  6  7  8 |
---------------+-------------------------+-----
Short Blades   | 2 3 4 5 7 |  7.8
Fighting       | 2 |  2.1
Stealth        | 5 6 7 8 |  8.3
Throwing       | |  1.7
Dodging        | |  0.6

Action                     |  1- 3 |  4- 6 |  7- 9 || total
---------------------------+-------+-------+-------++-------
  Melee: Dagger            |    79 |   117 |   192 ||   388
         Tailslap          |     5 |     8 |    16 ||    29
         Punch             |     2 |     2 |     3 ||     7
  Throw: Dart              |     2 |    13 |    18 ||    33
    Use: Scroll            |     3 |     3 |    11 ||    17
   Stab: Sleeping          |    16 |     9 |     6 ||    31
         Distracted        |       |       |     1 ||     1
 Armour: Robe              |    26 |    85 |   132 ||   243
  Dodge: Dodged            |    16 |    41 |    85 ||   142

Table legend: (Time is in decaauts)
 A = Elapsed time spent in this place.
 B = Non-inter-level travel time spent in this place.
 C = Inter-level travel time spent in this place.
 D = Time resting spent in this place.
 E = Time spent auto-exploring this place.
 F = Levels seen in this place.
 G = Mean time per level.
                   A        B        C        D        E       F      G
               +--------+--------+--------+--------+--------+-----+--------+
         Total |   5029 |   4835 |    194 |    549 |   3236 |   7 |  718.4 |
       Dungeon |   5029 |   4835 |    194 |    549 |   3236 |   7 |  718.4 |
               +--------+--------+--------+--------+--------+-----+--------+

Top non-repeatable levels by time:
     D:4: 1209 daAuts
     D:2: 858 daAuts
     D:1: 833 daAuts
     D:6: 812 daAuts
     D:5: 594 daAuts
     D:3: 517 daAuts
     D:7: 202 daAuts
